← All builds
Pond / Armada / Economy first / OBSERVED BUILD

Gunslinger buy

Armada Pond build order · Supreme Isthmus

Pond pays Tech to build and hand over a Gunslinger from 5:05 for the front line.

#team support · 104 distinct matches · 51 players · 5% of Armada Pond games · team won 46% of 104 · Recently observed

THE CATCH, AND WHAT COMES WITH IT
  • GunslingerGunslinger from Tech arrives 5:05 · 4% of role by thenTech makes it and hands it over.

Paid for by sending allies about 580 metal and 12,000 energy by 5:00; standard pond sends 0 metal and 9,000 energy.

Where those units first fight, in 99 games with kill data: in the middle 82%, on their own side 18%.

Those units destroy a typical 1,824 metal of enemy units by 15:00.

Then transitions into tick (31% of army), pawn (11% of army), blitz (8% of army).

HOW TO PLAY IT

Key timing: Gunslinger by 5:05

  1. Open tidal-heavy eco, pay allies metal and energy early.
  2. Put down Bot Lab as normal for Pond.
  3. Buy a Gunslinger from Tech instead of building your own.
  4. Send the Gunslinger to fight in the middle.
  5. Fall back into standard Tick/Pawn/Blitz production.

Phase by phase

TYPICAL OF ITS 104 GAMES · AGAINST STANDARD POND
  1. 1
  2. 2
  3. 3
PLAY THE OPENING

Follow the example game's first 6:05 step by step: what to build now, what comes next, and where it goes. At 1× it keeps pace with your own game.

  1. 1

    Up to the Bot Lab

    Economy
    • Metal Extractor4Mex
    • Tidal Generator8Tidalfor allies
    • Wind Turbine5Wind
    • Tidal Generator2Tidal
    • Energy Storage1Energy storage
    Order
    1. Bot LabBot Lab after 4 mex, 5 wind, 2 tidaldone ~3:50, middle half 3:16–5:40

    Some games also: converter (33%)

    By 3:29 in all: 4 mex · 5 wind · 2 tidal · 1 energy storage

    The example game in this phase · 8 steps
    1. Tidal ×8for Suicide front
    2. Tidal ×2
    3. Energy storage
    4. Mex ×3
    5. Converter
    6. Mex
    7. Converter
    8. Bot LabBot Labdone 3:27 · typical 3:50
  2. 2

    Bot Lab to 5:00

    Economy
    • Wind Turbine1Wind−3 vs standard
    Builders
    • Construction Bot1 Con bot

    Some games also: Lazarus (33%)

    By 5:00 in all: 4 mex · 10 wind · 2 tidal · 1 converter · 1 energy storage

    The example game in this phase · 8 steps
    1. Construction BotCon bot ×3
    2. Con turret
    3. Bot LabEat Bot Labreclaimed for its metal
    4. Wind
    5. Aircraft PlantAircraft Plantdone 4:42
    6. Wind ×2
    7. StorkLight transport
    8. Wind ×2
  3. 3

    5:00 to 10:00

    Economy
    • Wind Turbine18Wind−11 vs standard
    • Energy Converter2Converter−6 vs standard
    Builders
    • Construction Turret1 Con turret

    Some games also: tick (44%) · con bot (44%) · eat Bot Lab (41%)

    By 10:00 in all: 4 mex · 36 wind · 2 tidal · 6 converter (standard 9) · 1 energy storage · 2 con turret

    The example game in this phase · 152 steps
    1. Wind
    2. Aircraft PlantEat Aircraft Plantreclaimed for its metal
    3. Con turret
    4. Wind ×2
    5. Con turret
    6. Wind
    7. Converter
    8. Wind ×2
    9. Converter
    10. Wind
    11. Converter
    12. Wind
    13. Converter
    14. Wind ×3
    15. Converter
    16. Wind
    17. Converter
    18. Vehicle PlantVehicle Plantdone 6:50
    19. Converter
    20. Wind
    21. Converter
    22. Wind
    23. Converter ×2
    24. Wind
    25. BlitzBlitz
    26. Wind
    27. Converter ×2
    28. Wind
    29. BlitzBlitz ×2
    30. Wind ×2
    31. BlitzBlitz ×3
    32. Wind
    33. BlitzBlitz
    34. Energy storagefor Suicide front
    35. Wind ×2
    36. BlitzBlitz ×2
    37. Wind
    38. BlitzBlitz
    39. Advanced Metal ExtractorT2 mexdone 9:11 · typical 9:22
    40. Wind
    41. BlitzBlitz
    42. Wind
    43. BlitzBlitz
    44. Wind ×4
    45. BlitzBlitz
    46. Wind
    47. Advanced Metal ExtractorT2 mex
    48. BlitzBlitz
    49. Wind ×2
    50. RoverScout ×2
    51. Advanced Metal ExtractorT2 mex
    52. RoverScout
    53. Wind ×2
    54. RoverScout
    55. Wind
    56. RoverScout
    57. Wind
    58. RoverScout
    59. Wind ×2
    60. RoverScout ×2
    61. Wind
    62. RoverScout
    63. Wind
    64. RoverScout ×2
    65. Wind
    66. RoverScout
    67. Advanced Metal ExtractorT2 mex
    68. Wind
    69. RoverScout
    70. Wind
    71. RoverScout ×7
    72. Wind
    73. RoverScout
    74. Wind
    75. RoverScout ×2
    76. Wind
    77. RoverScout ×5
    78. Wind
    79. Converter ×2
    80. RoverScout
    81. Wind
    82. RoverScout
    83. Converter
    84. Wind
    85. RoverScout
    86. Converter
    87. Wind
    88. RoverScout ×2
    89. Wind
    90. Fusion ReactorFusiondone 12:54
    91. RoverScout
    92. Converter ×2
    93. RoverScout
    94. Wind
    95. Converter
    96. RoverScout
    97. Converter
    98. RoverScout
    99. Wind
    100. Converter
    101. Con turret
    102. RoverScout
    103. Converter
    104. RoverScout
    105. Converter
    106. Con turret
    107. RoverScout
    108. Con turret
    109. Wind
    110. Converter
    111. RoverScout
    112. Wind
    113. T2 converter
    114. RoverScout
    115. Converter
    116. RoverScout
    117. Converter ×2
    118. RoverScout ×2
    119. Converter
    120. Con turret
    121. CitadelAnti-nukedone 14:14
    122. RoverScout
    123. Con turret
    124. RoverScout ×2
    125. Converter
    126. RoverScout
    127. Con turret
    128. RoverScout
    129. ArbalestArbalest
    130. RoverScout ×2
    131. Converter
    132. ArbalestArbalest
    133. Con turret
    134. RoverScout ×2
    135. Con turret ×2
    136. RoverScout
    137. Fusion ReactorFusion
    138. RoverScout
    139. Converter
    140. RoverScout ×2
    141. Converter
    142. RoverScout
    143. Fusion ReactorFusion
    144. Con turret
    145. RoverScout ×2
    146. Con turret
    147. Converter
    148. RoverScout
    149. Con turret ×2
    150. RoverScout ×2
    151. Converter
    152. RoverScout

Counts are medians over the build's games: half of them build more, half fewer. The example game is [CC]CupOfCoffee's (30 OS, 13/10/2026); pick another.

Team trades

IN AT LEAST 30% OF ITS GAMES

You hand over

  • Tidal Generator8 Tidal to Suicide front or Frontfirst at 0:12 · in 99% of games

You get

  • Gunslinger1 Gunslinger from Techfirst at 5:05 · in 100% of games
  • Advanced Construction Bot1 T2 con bot from Techfirst at 7:46 · in 96% of games

How it plays out

Typical game of this build against the role’s standard build, running totals by minute

  • This build
  • Standard pond

Metal produced

010k20k30k
0:005:0010:0015:00

metal

Enemy metal destroyed

02k4k6k
0:005:0010:0015:00

metal

Own metal lost

02k4k
0:005:0010:0015:00

metal

Metal sent to allies

01k2k
0:005:0010:0015:00

metal

Energy sent to allies

020k40k60k
0:005:0010:0015:00

metal

104 games.

Show as table
ByMetal produced: This buildMetal produced: Standard pondEnemy metal destroyed: This buildEnemy metal destroyed: Standard pondOwn metal lost: This buildOwn metal lost: Standard pondMetal sent to allies: This buildMetal sent to allies: Standard pondEnergy sent to allies: This buildEnergy sent to allies: Standard pond
1:0011511500000013471282
2:0026726800000031292781
3:0078379900000054704436
4:0014651473000093079756138
5:002180218500005771117798989
6:002949299500006722321696212657
7:00383539106372110507154372157315669
8:004793494814011702781178074632659319216
9:0059126223191837965031610164682842021289
10:00698677052666611106155211324903300223110
11:00910196453068842140085512415183826626170
12:001096512052316011691813128913205244553527931
13:001308114538386615532515187614366265056330525
14:001521217427453321343143253514926655367531558
15:001783320188488125993513324916287085562032681
WHAT THE NUMBERS SAY

Won less often than the standard build, but destroyed much more enemy metal by both 10:00 and 15:00 despite losing more of its own.

  • + Destroyed 5314 enemy metal by 15:00 vs 2982 for standard.
  • − Team win rate 40% vs 45% for standard build.
  • − Own metal lost by 15:00 (4508) well above standard (3531).
THE EXAMPLE YOU ARE READING

[CC]CupOfCoffee

30.3 OS · 13/10/2026

Open source match ↗

2 received units · includes a constructor
4022 metal received · 111933 energy received

Allied construction assistance is unknown. Timings are observations, not a promise of solo reproducibility.

Typical milestones

Bot Lab3:50Middle 50%: 3:16–5:40 · n=97
Advanced Metal Extractor9:22Middle 50%: 8:30–10:10 · n=98

Played most by

Deathkebab13games of this buildViltrum10games of this buildChaoticNoob7games of this build[NWP]Kadafi9235games of this buildStefan11565games of this build